 Dungeon Crawl Stone Soup version 0.21-a0-88-g13b9641 (webtiles) character file.

145 HAL9000 the Chucker (level 5, 0/54 HPs)
             Began as an Ogre Hunter on June 27, 2017.
             Slain by a leopard gecko (3 damage)
             ... on level 3 of the Dungeon.
             The game lasted 00:05:06 (3383 turns).

HAL9000 the Chucker (Ogre Hunter)                   Turns: 3383, Time: 00:05:07

Health: 0/54       AC:  3    Str: 17    XL:     5   Next: 27%
Magic:  5/5        EV: 10    Int: 12    God:
Gold:   122        SH:  0    Dex:  9    Spells: 4/4 levels left

rFire    . . .     SeeInvis .   a - +0 short sword
rCold    . . .     Gourm    .   (no shield)
rNeg     . . .     Faith    .   b - +0 robe
rPois    .         Spirit   .   (helmet restricted)
rElec    .         Reflect  .   (no cloak)
rCorr    .         Harm     .   (gloves unavailable)
MR       .....                  (boots unavailable)
Stlth    ..........             (no amulet)
HPRegen  0.18/turn              z - ring of loudness (curse)
MPRegen  0.09/turn              (no ring)

@: no status effects
A: unfitting armour, tough skin 1
a: no special abilities


You were on level 3 of the Dungeon.
You were not hungry.

You visited 1 branch of the dungeon, and saw 3 of its levels.

You collected 122 gold pieces.

Inventory:

Hand Weapons
 a - a +0 short sword (weapon)
 i - a +0 whip
Missiles
 d - 2 throwing nets (quivered)
Armour
 b - a +0 robe (worn)
Jewellery
 z - a cursed ring of loudness (left hand)
Scrolls
 j - a scroll of amnesia {unknown}
 l - a scroll of identify {unknown}
 m - 2 scrolls of blinking {unknown}
 r - 2 scrolls of remove curse {unknown}
 t - a scroll of fog {unknown}
 u - a scroll of magic mapping {unknown}
 y - a scroll of enchant weapon {unknown}
Potions
 g - a potion of agility {unknown}
 o - a potion of brilliance {unknown}
 p - a potion of flight {unknown}
 q - a potion of mutation {unknown}
 v - a potion of curing {unknown}
 x - a potion of degeneration {unknown}
Comestibles
 f - a bread ration
 k - 2 meat rations
 w - 2 chunks of flesh


   Skills:
 - Level 3.6 Fighting
 + Level 3.9 Maces & Flails
 - Level 4.0 Throwing
 - Level 1.7 Dodging
 - Level 0.6 Stealth


You had 4 spell levels left.
You didn't know any spells.

Dungeon Overview and Level Annotations

Branches:
Dungeon (3/15)

Altars:


Innate Abilities, Weirdness & Mutations

You are too large for most types of armour.
You have tough skin. (AC +1)


Message History

* * * LOW HITPOINT WARNING * * *
Throwing (i - inventory. (,) - cycle):
c - 2 large rocks (quivered)
Press: ? - help, Shift-Dir - straight line, f/p - orc
Aim: an orc, wielding a club (heavily wounded)
You throw a large rock.
The large rock closely misses the leopard gecko.
The large rock hits the orc!
You kill the orc!
The leopard gecko barely misses you. The leopard gecko bites you.
* * * LOW HITPOINT WARNING * * *
Unknown command.
Throwing (i - inventory. (,) - cycle):
c - a large rock (quivered)
Press: ? - help, Shift-Dir - straight line, f - leopard gecko
Aim: a leopard gecko (clinging)
You throw a large rock.
The large rock closely misses the leopard gecko.
The leopard gecko bites you.
* * * LOW HITPOINT WARNING * * *
The leopard gecko bites you.
You die...

########## #........#
#.######.# ########
#.#....#.#######......#
#.#........@l)(#......#####
####.#..#....####.#...........
#>........................###
#.##.#..#.......#.#o......###.
#.##.#..)...#####.#............
#.##.#.##.#.#.....#...........#
.
#..................l......#..##
. #.##.#.####.#.#####...#..##
... . #.##.#... #.#.#
#..##..... ..


You could see a leopard gecko.

Vanquished Creatures
  An iguana (D:3)
  An orc wizard (D:3)
  2 adders (D:2)
  2 oozes (D:2)
  A worm (D:3)
  A dart slug (D:2)
  2 leopard geckos (D:2)
  4 orcs
  2 giant cockroaches
  4 goblins
  8 hobgoblins
  A jackal (D:2)
  5 bats
  7 frilled lizards
  12 kobolds
  7 rats
60 creatures vanquished.

Notes
Turn   | Place    | Note
-------+----------+-------------------------------------------
     0 | D:1      | HAL9000 the Ogre Hunter began the quest for the Orb.
     0 | D:1      | Reached XP level 1. HP: 22/22 MP: 1/1
   417 | D:1      | Reached XP level 2. HP: 32/32 MP: 2/2
   787 | D:1      | Reached skill level 1 in Maces & Flails
  1016 | D:1      | Reached XP level 3. HP: 37/39 MP: 3/3
  1905 | D:2      | Reached XP level 4. HP: 39/48 MP: 4/4
  3379 | D:3      | Reached XP level 5. HP: 11/54 MP: 5/5
  3383 | D:3      | Slain by a leopard gecko

Vault maps used:
D:1:      evilmike_arrival_crescent, serial_forest,
          infiniplex_forest_straight_4, infiniplex_forest_clump_diagonal,
          infiniplex_forest_corner_2, infiniplex_forest_end_2,
          infiniplex_forest_clump_tiny, infiniplex_forest_clump_double,
          infiniplex_forest_lined_2, infiniplex_forest_clump_tiny,
          infiniplex_forest_straight_3
D:3:      portal_sewer_entry_b, kennysheep_cross_bottleneck,
          hangedman_decor_points

Skill      XL: |  1  2  3  4 |
---------------+-------------+-----
Fighting       | 3 |  3.6
Maces & Flails | 1 2 3 |  3.9
Throwing       | |  4.0
Dodging        | |  1.7
Stealth        | |  0.6

Action                   |  1- 3 |  4- 6 || total
-------------------------+-------+-------++-------
Melee: Short sword       |   140 |    99 ||   239
Throw: Large rock        |       |    10 ||    10
 Stab: Sleeping          |     2 |       ||     2
  Eat: Chunk             |     3 |     5 ||     8
Armor: Robe              |    42 |    14 ||    56
Dodge: Dodged            |    78 |    46 ||   124
